 Dungeon Crawl Stone Soup version 0.29.0-13-gc9e81de378 (webtiles) character file.

Game seed: 11107562385054232398

112 Artool the Ducker (level 4, 0/33 (35) HPs)
             Began as a Demonspawn Gladiator on Sept 8, 2022.
             Succumbed to a scorpion's poison
             ... on level 4 of the Dungeon.
             The game lasted 00:04:39 (3417 turns).

Artool the Ducker (Demonspawn Gladiator)            Turns: 3417, Time: 00:04:41

HP:   0/33 (35)     AC:  4    Str: 17    XL:     4   Next: 64%
MP:   4/4           EV: 12    Int:  9    God:
Gold: 169           SH:  0    Dex: 14    Spells: 3/3 levels left

rFire   . . .      SeeInvis .   p - +0 whip
rCold   . . .      Faith    .   (no shield)
rNeg    . . .      Spirit   .   b - +0 leather armour
rPois   .          Reflect  .   c - +0 helmet
rElec   .          Harm     .   (no cloak)
rCorr   .          Rampage  .   (no gloves)
Will    .....                   (no boots)
Stlth   +.........              (no amulet)
HPRegen 0.11/turn               (no ring)
MPRegen 0.09/turn               (no ring)

@: lethally poisoned (0 -> -4), drained
A: powered by pain 1, demonic touch 1
a: no special abilities


You were on level 4 of the Dungeon.
You visited 1 branch of the dungeon, and saw 4 of its levels.

You collected 169 gold pieces.

Inventory:

Hand Weapons
 a - a +0 flail
 p - a +0 whip (weapon)
Missiles
 d - 3 throwing nets (quivered)
 e - a javelin
 y - 2 boomerangs
Armour
 b - a +0 leather armour (worn)
 c - a +0 helmet (worn)
 m - a +0 pair of boots
Magical Staves
 k - a staff of death
Jewellery
 x - a ring of fire
Scrolls
 g - a scroll of identify {unknown}
 h - a scroll of amnesia {unknown}
 i - a scroll of vulnerability {unknown}
 j - a scroll of butterflies {unknown}
 o - a scroll of enchant weapon {unknown}
 q - a scroll of magic mapping {unknown}
 s - a scroll of summoning {unknown}
 t - 2 scrolls of fear {unknown}
 u - 3 scrolls of enchant armour {unknown}
Potions
 f - a potion of cancellation {unknown}
 l - a potion of mutation {unknown}
 n - 2 potions of degeneration {unknown}
 r - a potion of lignification {unknown}
 v - a potion of haste {unknown}
 w - a potion of curing {unknown}


   Skills:
 + Level 3.0 Fighting
 + Level 3.3 Maces & Flails
 - Level 1.7 Throwing
 + Level 1.7 Armour
 + Level 3.3 Dodging


You had 3 spell levels left.
You didn't know any spells.
Your spell library contained the following spells:

 Spells                   Type           Power      Damage    Failure   Level
 Necrotise                Necr           0%         1d4       43%         1
 Vampiric Draining        Necr           0%         2d6       82%         3
 Agony                    Necr           0%         N/A       100%        5


Dungeon Overview and Level Annotations

Branches:
Dungeon (4/15)
 Temple: D:4-7

Altars:

Annotations:
D:2 Sigmund


Innate Abilities, Weirdness & Mutations

You sometimes gain a little power by taking damage.
Your touch may inflict minor irresistible damage on your foes.


Message History

You climb downwards.
There is a stone staircase leading up, spattered with blood here.
Things that are here:
13 stones; a +0 short sword
Things that are here:
2 boomerangs; a +0 hand axe
y - 2 boomerangs You now have 169 gold pieces (gained 6).
The necrophage attacks as you move away!
The necrophage completely misses you.
The necrophage attacks as you move away!
The necrophage barely misses you.
The necrophage attacks as you move away!
The necrophage hits you.
You feel drained.
The necrophage attacks as you move away!
The necrophage misses you. The scorpion stings you!
The scorpion attacks as you move away! The scorpion closely misses you.
The necrophage attacks as you move away!
The necrophage hits you.
You feel drained. The scorpion stings you.
The scorpion attacks as you move away! The scorpion barely misses you.
The scorpion attacks as you move away! The scorpion closely misses you.
The scorpion attacks as you move away! The scorpion stings you.
You are lethally poisoned!
The scorpion poisons you!
You feel very sick. The scorpion stings you.
Found a stone staircase leading down.
* * * LOW HITPOINT WARNING * * *
You feel sick. The scorpion attacks as you move away!
The scorpion barely misses you.
* * * LOW HITPOINT WARNING * * *
You feel sick. The scorpion attacks as you move away! The scorpion stings you.
* * * LOW HITPOINT WARNING * * *
x2 You feel sick.
* * * LOW HITPOINT WARNING * * *
You feel sick.
You die...

##..###### #####......# #.....
#........###..........###.....
#.O......##...........#.......
#.............##......#.##$.J.
##...g........####.#..##.#.....
#.....<...##### #.#.###.#nn...
#.#####.##########n..###.#.....
?.. #.# #.......n##....<.....
#### #.# #>..@.s.##..##.#.....
#.##...###...รท.....##....
..##.. #........####... #####
#........# ### #.......##
#.......# #########


You could see 2 necrophages and a scorpion.

Vanquished Creatures
  A hound (D:4)
  2 adders (D:3)
  A dart slug (D:1)
  4 orcs
  5 bats
  8 endoplasms
  4 giant cockroaches
  4 goblins (D:1)
  4 hobgoblins
  4 quokkas
  4 ball pythons
  3 frilled lizards
  5 kobolds
  5 rats
54 creatures vanquished.

Notes
Turn   | Place    | Note
-------+----------+-------------------------------------------
     0 | D:1      | Artool the Demonspawn Gladiator began the quest for the
                  | Orb.
     0 | D:1      | Reached XP level 1. HP: 16/16 MP: 1/1
   127 | D:1      | Gained mutation: You sometimes gain a little power by
                  | taking damage. [demonic ancestry]
   127 | D:1      | Reached XP level 2. HP: 21/22 MP: 2/2
   816 | D:1      | Reached skill level 1 in Armour
  1139 | D:1      | Reached XP level 3. HP: 21/28 MP: 3/3
  1816 | D:2      | Noticed Sigmund
  2519 | D:3      | Gained mutation: Your touch may inflict minor irresistible
                  | damage on your foes. [demonic ancestry]
  2519 | D:3      | Reached XP level 4. HP: 25/34 MP: 4/4
  2822 | D:4      | Noticed a necrophage
  2858 | D:4      | Noticed a necrophage
  3098 | D:4      | Noticed a scorpion
  3132 | D:4      | Noticed an ogre
  3416 | D:4      | HP: 1/33 [poisoned by a scorpion]
  3417 | D:4      | Succumbed to a scorpion's poison

Illustrated notes

Levels and vault maps discovered:
D:1:      dpeg_arrival_tiny_f, layout_basic
D:2:      layout_basic, grunt_decor_junction, kennysheep_jessica_study,
          uniq_sigmund
D:3:      layout_basic, tso_oasis_becter
D:4:      layout_rooms

Skill      XL: |  1  2  3  4 |
---------------+-------------+-----
Armour         | 1 |  1.7
Maces & Flails | 3 |  3.3
Dodging        | 3 |  3.3
Fighting       | 3 |  3.0
Throwing       | |  1.7

Action                   |  1- 3 |  4- 6 || total
-------------------------+-------+-------++-------
Melee: Flail             |    79 |       ||    79
       Whip              |    64 |    23 ||    87
       Touch             |       |     6 ||     6
 Stab: Sleeping          |       |     2 ||     2
Armor: Leather armour    |    65 |    11 ||    76
Dodge: Dodged            |   119 |    42 ||   161
